Map: Frozen Temple

Players

Amix - Winner!

  • Race: Zerg Zerg
  • League: Platinum
  • Spawn Location: 11:00

Argon

  • Race: Zerg Zerg
  • League: Diamond
  • Spawn Location: 5:00

VOD

Have the link to the VOD?

Description

Time

  • Played on: Nov. 16, 2016, 4:41 p.m.
  • Length: 4:17
Show
View Real Time Build Order
Export as new Build Order

Amix Zerg - Winner!

Build Orders: Pool Only, Zergling Baneling 

Get SALT Encoding   

  12  0:01  Drone  
  13  0:22  Spawning Pool  
  13  0:26  Drone  
  13  0:30  Drone  
  14  0:37  Drone, Extractor  
  14  0:46  Overlord  
  14  1:09  Zergling x4  
  14  1:10  Zergling x2  
  17  1:22  Zergling x2  
  18  1:28  Queen  
  18  1:31  Zergling x2  
  21  1:39  Metabolic Boost  
  21  1:42  Zergling x2  
  22  2:02  Baneling Nest, Overlord  
  20  2:17  Zergling x2  
  21  2:44  Zergling x6  
  23  2:54  Baneling x2  
  23  2:55  Baneling x2  
  23  2:57  Zergling x2  
  19  3:17  Zergling x4  
  21  3:22  Zergling x6  
  21  3:26  Baneling  
  21  3:27  Baneling x3  
  21  3:49  Zergling x4  
Show
View Real Time Build Order
Export as new Build Order

Argon Zerg 

Build Orders: Hatch First 

Get SALT Encoding   

  12  0:01  Drone  
  13  0:08  Drone  
  14  0:17  Overlord  
  14  0:35  Drone x2  
  16  0:36  Drone  
  17  0:55  Hatchery  
  16  0:57  Extractor  
  15  1:04  Drone  
  15  1:05  Drone  
  17  1:23  Spawning Pool  
  16  1:40  Drone x2  
  16  1:41  Overlord  
  18  2:10  Queen, Zergling x4  
  20  2:18  Spine Crawler  
  19  2:27  Zergling x2  
  20  2:36  Zergling x2  
  19  2:59  Spine Crawler  
  15  3:18  Zergling x4  
  15  3:19  Zergling x6  
  15  3:48  Zergling x2  
  15  3:49  Zergling x2  
  17  3:56  Zergling x2  
Tags
 
Add a new tag
Caveats
  • Supply blocks, unpowered buildings, or Contaminate may cause inaccurate times.
  • Supply counts are checked every 10 seconds.